 Dungeon Crawl Stone Soup version 0.30-a0-1164-ge08a67761e (webtiles) character file.

Game seed: 1938059315170424090

21 Sabo the Shield-Bearer (level 2, -1/29 HPs)
             Began as a Troll Fighter on Apr 29, 2023.
             Slain by an adder (4 damage)
             ... on level 2 of the Dungeon.
             The game lasted 00:02:56 (648 turns).

Sabo the Shield-Bearer (Troll Fighter)               Turns: 648, Time: 00:02:57

Health: -1/29      AC:  4    Str: 23    XL:     2   Next: 65%
Magic:  1/1        EV:  8    Int:  4    God:
Gold:   98         SH:  7    Dex:  9    Spells: 1/1 levels left

rFire   . . .        a - +0 war axe
rCold   . . .        c - +0 kite shield
rNeg    . . .        b - +0 robe
rPois   .            (helmet restricted)
rElec   .            (no cloak)
rCorr   .            (gloves unavailable)
SInv    .            (boots unavailable)
Will    .....        (no amulet)
Stlth   +            k - ring of flight
HPRegen 1.04/turn    (no ring)
MPRegen 0.07/turn

%: no passive effects
@: lethally poisoned (-1 -> -2), flying
A: large, unfitting armour, claws 3, regeneration 1, shaggy fur 1, tough skin 1
a: no special abilities


You were on level 2 of the Dungeon.
You visited 1 branch of the dungeon, and saw 2 of its levels.

You collected 98 gold pieces.

Inventory:

Hand Weapons
 a - a +0 war axe (weapon)
Armour
 b - a +0 robe (worn)
 c - a +0 kite shield (worn)
Jewellery
 k - a ring of flight (left claw)
Scrolls
 f - a scroll of poison {unknown}
 g - a scroll of fear {unknown}
 j - a scroll of teleportation {unknown}
Potions
 d - 2 potions of might
 e - a potion of cancellation {unknown}
 h - a potion of brilliance {unknown}
 i - a potion of invisibility {unknown}
 l - a potion of degeneration {unknown}


   Skills:
 + Level 2.7 Fighting
 + Level 1.8 Axes
 + Level 2.7 Dodging
 + Level 2.9 Shields


You had one spell level left.
You didn't know any spells.
Your spell library contained the following spells:

 Spells                   Type           Power      Damage    Failure   Level
 Apportation              Tloc           0%         N/A       78%         1
 Necrotise                Necr           0%         1d4       78%         1
 Summon Small Mammal      Summ           0%         N/A       78%         1


Dungeon Overview and Level Annotations

Branches:
Dungeon (2/15)

Altars:


Innate Abilities, Weirdness & Mutations

You are too large for most types of armour.
You have claws for hands.
Your natural rate of healing is unusually fast.
You are covered in fur. (AC +1)
You have tough skin. (AC +1)


Message History

The adder poisons you! The adder barely misses you.
You barely miss the adder.
You feel very sick. The adder completely misses you.
The adder barely misses you. The adder bites you.
You are more poisoned.
The adder poisons you!
A frilled lizard comes into view.
You closely miss the adder. You miss the adder.
You feel very sick.
The frilled lizard hisses angrily.
You block the adder's attack. The adder barely misses you. The adder bites you.
You are more poisoned.
The adder poisons you! The adder barely misses you.
You miss the adder. You closely miss the adder.
You feel very sick. The adder bites you but does no damage.
The adder barely misses you. The adder bites you.
The adder bites you but does no damage.
You barely miss the adder. You closely miss the adder.
You feel very sick. The adder bites you but does no damage.
The adder barely misses you. The adder completely misses you.
The adder closely misses you.
You barely miss the adder. You hit the adder but do no damage.
You feel sick.
The adder closely misses you. x2; The adder barely misses you.
The adder bites you.
You are more poisoned.
The adder poisons you!
You barely miss the adder. x2
You feel very sick. The adder barely misses you. The adder bites you.
* * * LOW HITPOINT WARNING * * *
The adder bites you.
* * * LOW HITPOINT WARNING * * *
The adder bites you but does no damage.
You closely miss the adder. You slash the adder!
You feel very sick. The adder bites you.
* * * LOW HITPOINT WARNING * * *
The adder bites you.
You die...

#. .#.# #.
.#.# ##..
.#.# .....
...#
.....###...#
...........#
#..S.#..#
#.lS@<..#
.....##.#.##
..# #.#.#
...$.
#######


You could see 2 adders and a frilled lizard.

Vanquished Creatures
  2 bats (D:1)
  An endoplasm (D:1)
  A giant cockroach (D:1)
  3 hobgoblins (D:1)
  6 jackals (D:1)
  2 frilled lizards (D:1)
  2 kobolds (D:1)
  2 rats (D:1)
19 creatures vanquished.

Notes
Turn   | Place    | Note
-------+----------+-------------------------------------------
     0 | D:1      | Sabo the Troll Fighter began the quest for the Orb.
     0 | D:1      | Reached XP level 1. HP: 22/22 MP: 0/0
    93 | D:1      | Reached XP level 2. HP: 15/29 MP: 1/1
   648 | D:2      | Slain by an adder

Illustrated notes

Levels and vault maps discovered:
D:1:      wander_arrival_abandoned_jail, layout_basic
D:2:      layout_loops_ring, basic_altar

Action                     || total
---------------------------++-------
  Melee: War axe           ||    54
 Armour: Robe              ||    44
  Dodge: Dodged            ||    51
  Block: Kite shield       ||    28

Table legend: (Time is in decaauts)
 A = Elapsed time spent in this place.
 B = Non-inter-level travel time spent in this place.
 C = Inter-level travel time spent in this place.
 D = Time resting spent in this place.
 E = Time spent auto-exploring this place.
 F = Levels seen in this place.
 G = Mean time per level.
                   A        B        C        D        E       F      G
               +--------+--------+--------+--------+--------+-----+--------+
         Total |    676 |    676 |      0 |      7 |      0 |   2 |  338.0 |
       Dungeon |    676 |    676 |      0 |      7 |      0 |   2 |  338.0 |
               +--------+--------+--------+--------+--------+-----+--------+

Top non-repeatable levels by time:
     D:1: 663 daAuts
     D:2: 12 daAuts
